 Dungeon Crawl Stone Soup version 0.29-a0-925-g0a7a3d12f8 (webtiles) character file.

Game seed: 6867749505871428678

23 gelatine the Firebug (level 2, 0/19 HPs)
             Began as a Demonspawn Fire Elementalist on July 28, 2022.
             Slain by Terence
             ... wielding a +0 flail
              (4 damage)
             ... on level 2 of the Dungeon.
             The game lasted 00:03:42 (1352 turns).

gelatine the Firebug (Demonspawn Fire Elementalist) Turns: 1352, Time: 00:03:42

Health: 0/19       AC:  2    Str:  8    XL:     2   Next: 72%
Magic:  3/5        EV: 12    Int: 16    God:
Gold:   50         SH:  0    Dex: 13    Spells: 4/5 levels left

rFire   . . .      SeeInvis +   (no weapon)
rCold   . . .      Faith    .   (no shield)
rNeg    . . .      Spirit   .   a - +0 robe
rPois   .          Reflect  .   (no helmet)
rElec   .          Harm     .   (no cloak)
rCorr   .          Rampage  .   (no gloves)
Will    .....                   (no boots)
Stlth   ++........              (no amulet)
HPRegen 0.06/turn               e - ring of see invisible
MPRegen 0.09/turn               (no ring)

@: no status effects
A: demonic guardian 1
a: no special abilities


You were on level 2 of the Dungeon.
You visited 1 branch of the dungeon, and saw 2 of its levels.

You collected 50 gold pieces.

Inventory:

Armour
 a - a +0 robe (worn)
Jewellery
 e - a ring of see invisible (left hand)
 g - a ring of resist corrosion
Scrolls
 c - a scroll of noise
 d - 2 scrolls of identify
 h - a scroll of butterflies
 j - a scroll of brand weapon
 k - a scroll of vulnerability
 l - a scroll of immolation
Potions
 f - a potion of flight
 i - a potion of might


   Skills:
 + Level 2.0 Dodging
 + Level 1.8 Stealth
 + Level 2.2 Spellcasting
 + Level 1.0 Conjurations
 + Level 3.3 Fire Magic


You had 4 spell levels left.
You knew the following spells:

 Your Spells              Type           Power      Damage    Failure   Level
a - Foxfire               Conj/Fire      32%        2x1d5     9%          1

Your spell library contained the following spells:

 Spells                   Type           Power      Damage    Failure   Level
 Scorch                   Fire           24%        2d6       8%          2
 Conjure Flame            Conj/Fire      8%         6-21      24%         3
 Ensorcelled Hibernation  Hex/Ice        2%         N/A       30%         2
 Inner Flame              Hex/Fire       7%         N/A       30%         3
 Spider Form              Tmut/Pois      1%         N/A       52%         3
 Flame Wave               Conj/Fire      8%         2d5       63%         4
 Anguish                  Hex/Necr       0%         N/A       90%         4


Dungeon Overview and Level Annotations

Branches:
Dungeon (2/15)

Altars:

Annotations:
D:2 Terence


Innate Abilities, Weirdness & Mutations

A weak demonic guardian rushes to your aid.


Message History

Terence is severely wounded.
The foxfire hits Terence but does no damage.
Terence is severely wounded.
The foxfire hits Terence but does no damage.
Terence is severely wounded.
The foxfire hits Terence.
Terence is severely wounded.
Terence barely misses you.
You conjure some foxfire!
Terence hits you with a +0 flail.
You are out of magic!
The foxfire hits Terence.
Terence is severely wounded.
Magic courses through your body.
Your foxfire dissipates!
Terence closely misses you.
You conjure some foxfire!
Terence hits you with a +0 flail.
You hit Terence but do no damage.
Terence is severely wounded.
The foxfire hits Terence but does no damage.
Terence is severely wounded.
The foxfire hits Terence but does no damage.
Terence is severely wounded.
Terence closely misses you.
You are too injured to fight recklessly!
You are too injured to fight recklessly!
Casting: Foxfire (safe; 9% risk of failure)
Confirm with . or Enter, or press ? or * to list all spells.
You conjure some foxfire!
Terence completely misses you.
You hit Terence but do no damage.
Terence is severely wounded.
The foxfire hits Terence but does no damage.
Terence is severely wounded.
The foxfire hits Terence but does no damage.
Terence is severely wounded.
Terence hits you with a +0 flail.
* * * LOW HITPOINT WARNING * * *
Casting: Foxfire (safe; 9% risk of failure)
Confirm with . or Enter, or press ? or * to list all spells.
You conjure some foxfire!
Terence hits you with a +0 flail.
You die...

.<............####..#
#........
...###..........###[#
#........ ...# ##.......#.#
#.## #........ ...#
##......#.###..####........
...#
#......#..###..>##........
...#
#......##.#####.##........
####
#..........§###..#........
#......##v#...##...)......
####<..##@@##..###..).<...
###..##v.##............
....#######....## .......
#...... #.....### #######
#....≈. #..≈≈≈≈≈ ##.≈≈≈≈.≈


You could see Terence (ally target).

Vanquished Creatures
  A dart slug (D:1)
  3 ball pythons (D:2)
  2 goblins (D:2)
  4 hobgoblins (D:1)
  2 quokkas (D:1)
  2 bats (D:1)
  2 kobolds
  3 rats
19 creatures vanquished.

Vanquished Creatures (others)
  93 foxfires
93 creatures vanquished.

Grand Total: 112 creatures vanquished

Notes
Turn   | Place    | Note
-------+----------+-------------------------------------------
     0 | D:1      | gelatine the Demonspawn Fire Elementalist began the quest
                  | for the Orb.
     0 | D:1      | Reached XP level 1. HP: 13/13 MP: 3/3
   502 | D:1      | Reached skill level 3 in Fire Magic
   502 | D:1      | Gained mutation: A weak demonic guardian rushes to your
                  | aid. [demonic ancestry]
   502 | D:1      | Reached XP level 2. HP: 14/19 MP: 1/5
  1246 | D:2      | Noticed Terence
  1352 | D:2      | Slain by Terence

Illustrated notes

Levels and vault maps discovered:
D:1:      dpeg_arrival_renting, layout_rooms
D:2:      layout_rooms, serial_rivers, chequers_serial_rivers_large_a,
          chequers_serial_rivers_micro_c, chequers_serial_rivers_small_3,
          chequers_serial_rivers_large_b, uniq_terence, uniq_jessica,
          uniq_crazy_yiuf_cottage

Skill      XL: |  1 |
---------------+----+-----
Dodging        | 2 |  2.0
Fire Magic     | 3 |  3.3
Stealth        | |  1.8
Spellcasting   | |  2.2
Conjurations   | |  1.0

Action                   || total
-------------------------++-------
Melee: Unarmed           ||     9
 Cast: Foxfire           ||    53
  Use: Scroll            ||     7
       Potion            ||     1
Dodge: Dodged            ||    20

Table legend: (Time is in decaauts)
 A = Elapsed time spent in this place.
 B = Non-inter-level travel time spent in this place.
 C = Inter-level travel time spent in this place.
 D = Time resting spent in this place.
 E = Time spent auto-exploring this place.
 F = Levels seen in this place.
 G = Mean time per level.
                   A        B        C        D        E       F      G
               +--------+--------+--------+--------+--------+-----+--------+
         Total |   1351 |   1341 |     10 |    162 |    988 |   2 |  675.5 |
       Dungeon |   1351 |   1341 |     10 |    162 |    988 |   2 |  675.5 |
               +--------+--------+--------+--------+--------+-----+--------+

Top non-repeatable levels by time:
     D:1: 974 daAuts
     D:2: 376 daAuts
